 Dungeon Crawl Stone Soup version 0.30.1-11-g7821555f0a (webtiles) character file.

Game seed: 3274174954153168141

25 leafyfresh the Sneak (level 3, -3/31 HPs)
             Began as a Barachi Delver on Nov 21, 2023.
             Slain by a lemure (9 damage)
             ... led by Pikel
             ... on level 5 of the Dungeon.
             The game lasted 00:01:00 (76 turns).

leafyfresh the Sneak (Barachi Delver)                 Turns: 76, Time: 00:01:01

Health: -3/31      AC:  3    Str: 13    XL:     3   Next: 4%
Magic:  3/3        EV: 12    Int: 10    God:
Gold:   0          SH:  0    Dex: 15    Spells: 2/2 levels left

rFire   . . .        a - +0 falchion
rCold   . . .        (no shield)
rNeg    . . .        b - +0 leather armour
rPois   .            (no helmet)
rElec   .            (no cloak)
rCorr   .            (no gloves)
SInv    .            (no boots)
Will    .....        (no amulet)
Stlth   +++          (no ring)
HPRegen 0.25/turn    (no ring)
MPRegen 0.08/turn

%: no passive effects
@: slow
A: amphibious, slowness 1, strong legs 1, +LOS
a: Hop


You were on level 5 of the Dungeon.
You visited 1 branch of the dungeon, and saw 2 of its levels.

Inventory:

Hand Weapons
 a - a +0 falchion (weapon)
Armour
 b - a +0 leather armour (worn)
Wands
 g - a wand of digging (3)
Scrolls
 c - a scroll of fog
 d - a scroll of magic mapping
 e - a scroll of fear
Potions
 f - a potion of haste


   Skills:
 + Level 4.3 Fighting
 - Level 2.4 Long Blades
 + Level 3.1 Dodging
 - Level 4.5 Stealth


You had 2 spell levels left.
You didn't know any spells.
Your spell library was empty.

Dungeon Overview and Level Annotations

Branches:
Dungeon (5/15)
 Temple: D:4-7

Altars:

Annotations:
D:4 Pikel


Innate Abilities, Weirdness & Mutations

You are amphibious.
You cover ground slowly.
You can hop short distances.
You have an extended range of vision and can be seen from far away.


Message History

Your experience leads to an increase in your attributes!
Increase (S)trength, (I)ntelligence, or (D)exterity?
You feel agile. x2
You see here an iguana corpse.
You open the door.
There is an open door here.
Found a stone staircase leading up.
There is a shaft here.
A scorpion comes into view.
A scorpion is nearby!
There is a stone staircase leading up here.
You climb upwards.
The lemure shouts! x2; Pikel shouts!
The lemure shouts!
Found a stone staircase leading down.
There is a stone staircase leading down here.
The lemure hits you but does no damage.
You climb downwards.
There is a stone staircase leading up here.
You closely miss the lemure. The lemure hits you!
You hit the lemure.
The lemure is lightly wounded.
The lemure closely misses you.
You closely miss the lemure.
The lemure is lightly wounded.
The lemure closely misses you.
You hit the lemure.
The lemure is lightly wounded.
The lemure hits you!
You closely miss the lemure.
The lemure is lightly wounded.
The lemure hits you. x2
* * * LOW HITPOINT WARNING * * *
You closely miss the lemure.
The lemure is lightly wounded.
The lemure hits you.
* * * LOW HITPOINT WARNING * * *
You hit the lemure.
The lemure is moderately wounded.
The lemure hits you!
You die...

### ... #.# #.#
##### #.# ##...##
#.######....@#
#.##........5#
#####.#...^......#
#...........#...##
..#.........##.##
# ##...#...###.#
##.######
#.####### #.#
#.#.....# #.#
#.#.###>#


You could see a lemure.

Vanquished Creatures
  An iguana (D:5)
1 creature vanquished.

Notes
Turn   | Place    | Note
-------+----------+-------------------------------------------
     0 | D:5      | leafyfresh the Barachi Delver began the quest for the Orb.
     0 | D:5      | Reached XP level 1. HP: 18/18 MP: 1/1
    15 | D:5      | Noticed an iguana
    23 | D:5      | Killed an iguana
    24 | D:5      | Reached XP level 2. HP: 26/26 MP: 2/2
    24 | D:5      | Reached XP level 3. HP: 31/31 MP: 3/3
    52 | D:5      | Noticed a scorpion
    67 | D:4      | Noticed Pikel
    67 | D:4      | Noticed a lemure
    67 | D:4      | Noticed a lemure
    67 | D:4      | Noticed a lemure
    67 | D:4      | Noticed a lemure
    76 | D:5      | Slain by a lemure

Illustrated notes

Levels and vault maps discovered:
D:4:      layout_cave_pods, lemuel_crystal_altar, xom_teletrap_fun,
          mainiacjoe_overflow_catwalk, fiery_altar_vehumet, uniq_pikel
D:5:      layout_loops_corners, nicolae_gozag_cash_rules_everything_around_me,
          amethyst_overflow_temple_binary, hangedman_decor_lopped

Skill      XL: |  1 |
---------------+----+-----
Fighting       | 4 |  4.3
Dodging        | 3 |  3.1
Long Blades    | |  2.4
Stealth        | |  4.5

Action                     || total
---------------------------++-------
  Melee: Falchion          ||    11
         Punch             ||     1
   Stab: Sleeping          ||     1
 Armour: Leather armour    ||     1
  Dodge: Dodged            ||     6
